 Dungeon Crawl Stone Soup version 0.24-a0-584-g9d6b971ae4 (webtiles) character file.

Game seed: 3992581801072190536, levelgen mode: deterministic

34 Arang the Vexing (level 3, 0/19 HPs)
             Began as a Vampire Enchanter on Sept 5, 2019.
             Slain by Natasha (9 damage)
             ... on level 1 of the Dungeon.
             The game lasted 00:05:14 (1170 turns).

Arang the Vexing (Vampire Enchanter)                Turns: 1170, Time: 00:05:15

Health: 0/19       AC:  2    Str: 11 (14) XL:     3   Next: 14%
Magic:  1/6        EV: 12    Int: 16 (17) God:
Gold:   36         SH:  0    Dex: 11 (14) Spells: 3/6 levels left

rFire    . . .     SeeInvis +   a - +1 dagger
rCold    + + .     Gourm    .   (no shield)
rNeg     + + +     Faith    .   b - +0 robe
rPois    ∞         Spirit   .   (no helmet)
rElec    .         Reflect  .   (no cloak)
rCorr    .         Harm     .   (no gloves)
MR       .....     Rnd*Tele +   (no boots)
Stlth    +++++.....             (no amulet)
HPRegen  0.00/turn              c - +6 ring of strength
MPRegen  0.10/turn              j - ring of teleportation (curse)

@: bloodless, regenerating quickly, slowed, very slow
A: no food, fangs 3, see invisible, unbreathing
a: Bat Form, Revivify


You were on level 1 of the Dungeon.
You were bloodless.

You visited 1 branch of the dungeon, and saw 2 of its levels.

You collected 36 gold pieces.

Inventory:

Hand Weapons
 a - a +1 dagger (weapon)
Armour
 b - a +0 robe (worn)
Jewellery
 c - a +6 ring of strength (left hand)
 i - an uncursed ring of protection from magic
 j - a cursed ring of teleportation (right hand)
Scrolls
 k - a scroll of identify
Potions
 h - a potion of mutation {unknown}


   Skills:
 + Level 1.1 Short Blades
 * Level 0.3 Armour
 - Level 2.3 Dodging
 + Level 5.0 Stealth
 + Level 2.1 Spellcasting
 + Level 5.1 Hexes
 * Level 0.9 Ice Magic


You had 3 spell levels left.
You knew the following spells:

 Your Spells              Type           Power        Failure   Level  Hunger
a - Corona                Hex            ###....      2%          1    N/A
b - Ensorcelled Hibernat  Hex/Ice        ##....       9%          2    N/A

Your spell library contained the following spells:

 Spells                   Type           Power        Failure   Level  Hunger
 Confuse                  Hex            ###.....     8%          3    N/A
 Tukima's Dance           Hex            ###.....     8%          3    N/A
 Dazzling Spray           Conj/Hex       #.....       22%         3    N/A

Dungeon Overview and Level Annotations

Branches:
Dungeon (2/15)

Altars:

Annotations:
D:1 Natasha


Innate Abilities, Weirdness & Mutations

You do not eat.
You do not regenerate when monsters are visible.
You are frail without blood (-20% HP).
You are immune to poison.
You have razor-sharp teeth.
You have supernaturally acute eyesight. (SInv)
You can survive without breathing.


Message History

You feel yourself slow down.
Natasha wildly gestures.
Natasha shimmers violently.
Natasha casts a spell at you. The magic dart hits you!
* * * LOW HITPOINT WARNING * * *
Your magical contamination has completely faded away.
You feel better.
Natasha mumbles some strange words.
It was a potion of heal wounds.
You feel much better.
Natasha zaps a wand.
You resist with some effort.
You closely miss Natasha. Natasha barely misses you.
You closely miss Natasha.
Natasha zaps a wand.
The now-empty wand crumbles to dust.
Natasha claws you.
You barely miss Natasha. Natasha claws you!
It was a potion of degeneration.
There was something very wrong with that liquid.
You feel weakened.
You feel dopey.
You feel clumsy. Natasha misses you. Natasha claws you!
You die...

##'## #####.##.# #...#.# #.#
#...#.###.###.# ######.#
#...#..##.# #.# .......##
######'#### ### #####...##
#####.....#####) #.....#
#...#.....#...## ##...##
#.8.'.....'.8.#.
#..###########...#.....#...##
#..##.....5h@#####.....#####
#.....######## ###'###
##.#### #...# #### #.# #.<.#
#... #.# #...# #####
######h### ##### #..#
#........# ### #.# ##.#
#.####.#.# ##.## #.####.##
#)####.#.#######...##
#.##.....


You could see Natasha and a shadow imp.

Vanquished Creatures
  An ooze (D:1)
  A giant cockroach (D:1)
  2 goblins (D:1)
  5 hobgoblins (D:1)
  6 jackals (D:1)
  A ball python (D:1)
  3 bats (D:1)
  2 frilled lizards (D:1)
  5 kobolds (D:1)
26 creatures vanquished.

Notes
Turn   | Place    | Note
-------+----------+-------------------------------------------
     0 | D:1      | Arang the Vampire Enchanter began the quest for the Orb.
     0 | D:1      | Reached XP level 1. HP: 13/13 MP: 3/3
   102 | D:1      | Reached XP level 2. HP: 19/19 MP: 5/5
   106 | D:1      | Learned a level 2 spell: Ensorcelled Hibernation
   356 | D:1      | Reached skill level 5 in Stealth
   421 | D:1      | Reached skill level 5 in Hexes
   575 | D:1      | Reached XP level 3. HP: 23/24 MP: 4/6
  1136 | D:2      | Noticed Natasha
  1170 | D:1      | Slain by Natasha

Levels and vault maps discovered:
D:1:      minmay_arrival_stair_chambers, layout_loops_corners
D:2:      layout_loops_cross, led_sif_pool, uniq_robin, uniq_natasha,
          uniq_terence

Skill      XL: |  1  2 |
---------------+-------+-----
Stealth        | 5 |  5.0
Hexes          | 5 |  5.1
Short Blades   | |  1.1
Armour         | |  0.3
Dodging        | |  2.3
Spellcasting   | |  2.1
Ice Magic      | |  0.9

Action                   || total
-------------------------++-------
Melee: Dagger            ||    76
       Bite              ||     3
 Cast: Ensorcelled Hiber ||     9
       Corona            ||     4
 Abil: Exsanguinate      ||     1
  Use: Scroll            ||     4
       Potion            ||     3
 Stab: Sleeping          ||    10
Armor: Robe              ||     6
Dodge: Dodged            ||    37

Table legend:
 A = Non-vault XP
 B = Vault XP
 C = Vault XP percentage of total XP
 D = Non-vault monster count
 E = Vault monster count
 F = Vault count percentage of total count
                 A         B        C        D         E       F
            +---------+---------+-------+---------+---------+-------
      Total |      49 |       0 |   0.0 |      26 |       0 |   0.0
            +---------+---------+-------+---------+---------+-------
        D:1 |      49 |       0 |   0.0 |      26 |       0 |   0.0
            +---------+---------+-------+---------+---------+-------
